AoeStats
← Claudito10

Oasis

509791016Analyzed
4v4 RM · 4d ago on Sep 28, 2026· 79m 6s· 8 players
Game mode
Random Map
Map size
Large (8 player)
Population
200
Speed
Normal
Resources
Standard
Victory
Conquest
Starting age
Dark Age
Ending age
Imperial Age
RankedLock teamsTeams togetherTeam positionsShared explorationLock speedFull tech treeHidden civsTurbo modeCheats
Victory
Defeat
🇦🇷 Jurchens · Argentina
659
+11
🇦🇷 Mapuche · Argentina
637
+12
🇺🇿 Mongols · Uzbekistan
569
+15
🇧🇷 Varangians · Brazil
549
+16
🇨🇱 Tatars · Chile
748
-50
🇨🇱 Romans · Chile
556
-24
🇦🇷 Franks · Argentina
468
-10
🇦🇷 Spanish · Argentina
408
-8
L.T Smith
0:36 Loom
14:00 Feudal Age
19:07 Double-Bit Axe
23:46 Castle Age
24:15 Crossbowman
33:13 Forging
36:48 Horse Collar
43:45 Heavy Plow
43:38 Gold Mining
44:02 Bow Saw
47:51 Iron Casting
47:17 Scale Mail Armor
47:07 Fletching
47:20 Padded Archer Armor
50:27 Imperial Age
50:51 Arson
51:07 Squires
51:25 Caravan
52:34 Conscription
51:42 Heavy Rocket Cart
51:46 Capped Ram
52:33 Murder Holes
53:39 Chemistry
52:59 Ballistics
52:45 Siege Engineers
55:01 Crop Rotation
55:37 Blast Furnace
54:53 Chain Mail Armor
58:23 Wheelbarrow
57:34 Town Watch
58:08 Bodkin Arrow
58:28 Leather Archer Armor
58:27 Masonry
57:42 Elite Fire Lancer
60:58 Two-Man Saw
60:03 Bracer
78:48 Spies/Treason
MAGNATO
0:30 Loom
13:21 Feudal Age
16:44 Wheelbarrow
23:16 Double-Bit Axe
23:14 Horse Collar
28:06 Castle Age
28:58 Husbandry
29:56 Caravan
30:34 Town Watch
31:05 Hand Cart
31:20 Bow Saw
32:59 Scale Mail Armor
33:05 Scale Barding Armor
33:11 Forging
33:57 Gold Mining
33:58 Stone Mining
38:01 Fervor
41:36 Imperial Age
39:10 Town Patrol
40:34 Masonry
44:16 Stone Shaft Mining
44:58 Two-Man Saw
44:28 Fortified Wall
44:31 Cavalier
45:36 Murder Holes
45:23 Treadmill Crane
47:05 Coinage
46:45 Guilds
48:19 Vendel Legacy
48:20 Gothikon
49:21 Conscription
54:18 Chain Mail Armor
54:24 Chain Barding Armor
54:39 Iron Casting
59:16 Plate Barding Armor
59:11 Plate Mail Armor
59:42 Blast Furnace
58:10 Elite Jarl
60:40 Onager
Aziz
8:39 Loom
10:26 Feudal Age
12:27 Wheelbarrow
11:51 Double-Bit Axe
11:49 Horse Collar
19:01 Gold Mining
21:03 Forging
21:36 Scale Barding Armor
29:42 Castle Age
27:48 Fletching
28:14 Bloodlines
31:48 Light Cavalry
32:41 Bloodlines
32:33 Husbandry
33:37 Bow Saw
33:38 Heavy Plow
34:29 Gold Shaft Mining
33:45 Stone Mining
36:23 Chain Barding Armor
36:39 Iron Casting
36:00 Bodkin Arrow
39:38 Hand Cart
39:18 Town Watch
40:44 Stone Shaft Mining
43:08 Imperial Age
41:04 Town Patrol
41:15 Town Patrol
41:29 Padded Archer Armor
41:30 Scale Mail Armor
42:02 Nomads
42:08 Nomads
43:30 Leather Archer Armor
44:40 Fervor
44:54 Bracer
45:56 Blast Furnace
45:13 Chain Mail Armor
45:37 Conscription
46:02 Elite Mangudai
47:46 Onager
49:57 Plate Mail Armor
50:25 Nomads
50:09 Siege Onager
50:13 Capped Ram
52:01 Drill
52:18 Hoardings
51:15 Sappers
52:41 Siege Ram
52:43 Heavy Scorpion
55:11 Hussar
55:13 Cavalier
55:16 Heavy Camel Rider
55:18 Elite Steppe Lancer
73:07 Thumb Ring
73:29 Parthian Tactics
73:30 Ballistics
74:18 Chemistry
73:30 Fortified Wall
73:17 Murder Holes
73:28 Siege Engineers
73:34 Masonry
73:17 Guard Tower
federicoheredia
12:06 Feudal Age
14:46 Wheelbarrow
17:37 Castle Age
16:45 Double-Bit Axe
17:33 Stone Mining
19:14 Bow Saw
20:34 Town Watch
20:54 Caravan
21:53 Hand Cart
21:33 Fletching
25:55 Horse Collar
31:47 Gold Mining
31:58 Heavy Plow
32:34 Stone Shaft Mining
33:09 Gold Shaft Mining
34:16 Scale Mail Armor
36:06 Chain Mail Armor
36:02 Murder Holes
35:48 Treadmill Crane
39:41 Bodkin Arrow
41:26 Town Patrol
46:09 Imperial Age
46:02 Padded Archer Armor
46:13 Forging
46:59 Ballistics
46:49 Masonry
48:14 Chemistry
47:50 Plate Mail Armor
47:36 Leather Archer Armor
47:00 Elite Kona
47:42 Malon
47:52 Butalmapu
48:39 Crop Rotation
50:24 Architecture
52:50 Iron Casting
52:49 Ring Archer Armor
52:56 Elite Bolas Rider
56:13 Blast Furnace
57:20 Onager
59:08 Bombard Tower
Elshinobishileno
1:14 Loom
13:02 Feudal Age
14:20 Wheelbarrow
14:18 Double-Bit Axe
18:34 Gold Mining
18:36 Stone Mining
38:14 Castle Age
45:00 Castle Age
46:31 Hand Cart
47:40 Gold Shaft Mining
49:51 Bow Saw
57:57 Coinage
57:28 Caravan
66:50 Imperial Age
66:56 Elite Throwing Axeman
67:24 Elite Throwing Axeman
70:41 Banking
74:52 Padded Archer Armor
75:03 Forging
74:53 Scale Mail Armor
Bolivian Guy
14:51 Feudal Age
16:19 Wheelbarrow
16:33 Double-Bit Axe
20:02 Horse Collar
23:46 Castle Age
21:33 Town Watch
24:47 Hand Cart
24:37 Heavy Plow
24:45 Husbandry
25:16 Bow Saw
28:57 Thumb Ring
29:08 Pikeman
33:07 Scale Barding Armor
33:20 Bloodlines
33:05 Stone Mining
42:29 Gold Mining
48:25 Stone Shaft Mining
47:40 Loom
47:56 Town Patrol
50:30 Imperial Age
51:20 Chain Barding Armor
50:59 Fletching
52:50 Plate Barding Armor
55:26 Two-Man Saw
53:52 Cavalier
68:47 Capped Ram
72:26 Onager
UzabDNZ
7:11 Loom
13:45 Feudal Age
15:06 Wheelbarrow
14:14 Horse Collar
14:24 Double-Bit Axe
22:32 Castle Age
21:47 Gold Mining
27:33 Bow Saw
29:09 Hand Cart
32:05 Pikeman
36:44 Imperial Age
34:47 Town Watch
35:18 Silk Armor
35:46 Scale Barding Armor
35:57 Forging
35:38 Arson
38:17 Elite Keshik
40:08 Halberdier
45:10 Timurid Siegecraft
51:27 Chemistry
50:20 Guard Tower
50:47 Masonry
50:40 Murder Holes
50:50 Capped Ram
52:38 Chain Barding Armor
52:54 Iron Casting
52:26 Squires
52:50 Bombard Tower
52:52 Ballistics
52:13 Treadmill Crane
54:00 Guard Tower
53:41 Siege Ram
58:54 Heavy Cavalry Archer
59:47 Elite Skirmisher
63:14 Heavy Plow
65:21 Plate Barding Armor
66:51 Fortified Wall
Claudito10
9:28 Loom
12:03 Feudal Age
13:07 Double-Bit Axe
14:55 Wheelbarrow
25:01 Gold Mining
25:01 Stone Mining
28:13 Horse Collar
29:14 Town Watch
34:24 Castle Age
35:30 Bow Saw
38:29 Hand Cart
39:08 Husbandry
41:29 Bloodlines
44:21 Imperial Age
43:36 Town Patrol
45:42 Conscription
47:54 Heavy Plow
48:49 Gold Shaft Mining
50:02 Man-at-Arms
50:43 Squires
51:49 Crop Rotation
51:47 Long Swordsman
52:59 Legionary
56:18 Scale Mail Armor
56:53 Forging
60:48 Iron Casting
60:29 Chain Mail Armor
63:42 Comitatenses
Connection lost

Rejoining the realm…

Still unreachable

The connection could not be restored.

Session expired

The server has moved on; the page needs a fresh start.